 Dungeon Crawl Stone Soup version 0.29-a0-866-g0545e20025 (webtiles) character file.

Game seed: 17359816388064510786

153 Malachi the Chiller (level 5, -1/38 HPs)
             Began as a Ghoul Ice Elementalist on July 17, 2022.
             Slain by an ice beast (5 damage)
             ... on level 5 of the Dungeon.
             The game lasted 00:04:45 (3189 turns).

Malachi the Chiller (Ghoul Ice Elementalist)        Turns: 3189, Time: 00:04:46

Health: -1/38      AC:  2    Str: 12    XL:     5   Next: 35%
Magic:  7/8        EV: 12    Int: 12    God:
Gold:   112        SH:  0    Dex:  9    Spells: 5/9 levels left

rFire   . . .      SeeInvis .   (no weapon)
rCold   + . .      Faith    .   (no shield)
rNeg    + + +      Spirit   .   a - +0 robe
rPois   ∞          Reflect  .   (no helmet)
rElec   .          Harm     .   (no cloak)
rCorr   .          Rampage  .   (no gloves)
Will    .....                   (no boots)
Stlth   ++........              (no amulet)
HPRegen 0.00/turn               (no ring)
MPRegen 0.11/turn               (no ring)

@: inhibited regen
A: claws 1, cold resistance 1, negative energy resistance 3, inhibited
regeneration, torment resistance 2, devour on kill
a: no special abilities


You were on level 5 of the Dungeon.
You visited 1 branch of the dungeon, and saw 5 of its levels.

You collected 112 gold pieces.

Inventory:

Missiles
 j - 4 atropa-tipped darts (quivered)
Armour
 a - a +0 robe (worn)
Scrolls
 f - a scroll of poison
Potions
 b - a potion of magic
 c - a potion of flight {unknown}
 k - a potion of lignification {unknown}


   Skills:
 - Level 1.7 Dodging
 - Level 2.1 Stealth
 + Level 2.9 Spellcasting
 * Level 6.3 Ice Magic


You had 5 spell levels left.
You knew the following spells:

 Your Spells              Type           Power      Damage    Failure   Level
a - Freeze                Ice            68%        1d8       1%          1
b - Frozen Ramparts       Ice            34%        1d5       5%          3

Your spell library contained the following spells:

 Spells                   Type           Power      Damage    Failure   Level
 Ozocubu's Armour         Ice            17%        N/A       5%          3
 Necrotise                Necr           4%         1d4       26%         1
 Static Discharge         Conj/Air       1%         3-4/arc   36%         2
 Hailstorm                Conj/Ice       9%         3d4       56%         4
 Portal Projectile        Hex/Tloc       2%         N/A       58%         3
 Tukima's Dance           Hex            1%         N/A       58%         3
 Vampiric Draining        Necr           1%         2d6       58%         3
 Dispel Undead            Necr           1%         3d6       94%         4
 Sticky Flame             Conj/Fire      1%         2d3       94%         4
 Agony                    Necr           1%         N/A       100%        5
 Blade Hands              Tmut           Unusable   N/A       N/A         5

Dungeon Overview and Level Annotations

Branches:
Dungeon (6/15)
 Temple: D:4-7

Altars:
Vehumet
Wu Jian

Shops:
D:1 ?

Annotations:
D:2 1 exclusion, Sigmund


Innate Abilities, Weirdness & Mutations

You are immune to poison.
You have sharp fingernails.
Your flesh is cold resistant. (rC+)
You are immune to negative energy. (rN+++)
You do not regenerate when monsters are visible.
You are immune to unholy pain and torment.
You thrive by killing the living.


Message History

You throw an atropa-tipped dart.
The atropa-tipped dart hits the ice beast.
The ice beast resists.
The ice beast struggles against the net.
Okay, then.
You scratch the ice beast but do no damage.
The ice beast struggles against the net.
You scratch the ice beast but do no damage.
The ice beast struggles against the net.
You scratch the ice beast.
The ice beast is lightly wounded.
The ice beast struggles against the net.
The net rips apart, and the ice beast comes free!
You scratch the ice beast but do no damage.
The ice beast is lightly wounded.
The ice beast hits you. The ice beast freezes you. You resist.
Throw: 6 darts (atropa)
Press: ? - help, Q - select action, (/) - cycle Shift-Dir - straight line, f/p - ice beast
Aim: an ice beast (poison gas, lightly wounded, 52% to hit, chance to blind on hit: 41%)
You throw an atropa-tipped dart.
The atropa-tipped dart hits the ice beast.
The ice beast resists.
The ice beast is lightly wounded.
The ice beast hits you. The ice beast freezes you. You resist.
Throw: 5 darts (atropa)
Press: ? - help, Q - select action, (/) - cycle Shift-Dir - straight line, f/p - ice beast
Aim: an ice beast (poison gas, lightly wounded, 52% to hit, chance to blind on hit: 41%)
You throw an atropa-tipped dart.
The atropa-tipped dart closely misses the ice beast.
The ice beast closely misses you.
Okay, then.
The ice beast hits you. The ice beast freezes you. You resist.
The ice beast attacks as you move away! The ice beast hits you.
* * * LOW HITPOINT WARNING * * *
The ice beast freezes you. You resist.
* * * LOW HITPOINT WARNING * * *
The ice beast attacks as you move away! The ice beast hits you.
* * * LOW HITPOINT WARNING * * *
The ice beast freezes you. You resist.
You die...

.......(..........
......☼.☼..§°.....
.....☼°?.°§°......
......°○○.........
......§.°○.....(..
######....>##....
#.☼§°#### ...
#####☼.Y.#
.°.§§○.@○#
....☼..☼○#
.§°○§☼..§#
.○.°○☼.§.#
.§.°○°.☼.#
....○☼.§§#
.....°.☼.#
.........#


You could see an ice beast.

Vanquished Creatures
  A scorpion (D:5)
  Jessica (D:3)
  2 adders (D:2)
  A worm (D:3)
  A dart slug (D:1)
  An orc (D:3)
  4 endoplasms
  A giant cockroach (D:1)
  2 goblins (D:1)
  6 hobgoblins
  4 jackals (D:2)
  2 quokkas
  2 ball pythons (D:2)
  5 bats
  3 frilled lizards
  3 kobolds
  4 rats
43 creatures vanquished.

Notes
Turn   | Place    | Note
-------+----------+-------------------------------------------
     0 | D:1      | Malachi the Ghoul Ice Elementalist began the quest for the
                  | Orb.
     0 | D:1      | Reached XP level 1. HP: 14/14 MP: 2/2
   465 | D:1      | Reached XP level 2. HP: 20/20 MP: 0/4
   607 | D:1      | Found Jebrum's Magic Scroll Boutique.
   823 | D:1      | Found a faded altar of an unknown god.
  1308 | D:2      | Reached skill level 5 in Ice Magic
  1319 | D:2      | Reached XP level 3. HP: 18/26 MP: 1/5
  1423 | D:2      | Learned a level 3 spell: Frozen Ramparts
  1424 | D:2      | Noticed Sigmund
  2662 | D:3      | Reached XP level 4. HP: 19/33 MP: 0/6
  2972 | D:3      | Noticed Jessica
  2978 | D:3      | Killed Jessica
  3113 | D:3      | You fall into a shaft and drop 3 floors!
  3114 | D:6      | Found an ornate altar of the Wu Jian Council.
  3138 | D:6      | Found a radiant altar of Vehumet.
  3164 | D:5      | Entered Level 5 of the Dungeon
  3166 | D:5      | Noticed a scorpion
  3169 | D:5      | Noticed an ice beast
  3174 | D:5      | Killed a scorpion
  3175 | D:5      | Reached skill level 6 in Ice Magic
  3175 | D:5      | Reached XP level 5. HP: 38/38 MP: 6/8
  3189 | D:5      | Slain by an ice beast

Illustrated notes

Levels and vault maps discovered:
D:1:      elethiomel_arrival_shortcut, layout_loops_corners,
          dreamdust_ecumenical_altar_statues, serial_shops,
          nicolae_shop_waterfront, minmay_tall_x
D:2:      layout_rooms, minmay_misc_feat_encased, uniq_sigmund
D:3:      layout_basic, uniq_grinder, uniq_jessica, uniq_terence
D:5:      minmay_angry_zag, layout_basic, lemuel_coloured_pillars_altar,
          serial_shops, nicolae_diamond_shop
D:6:      layout_basic, mainiacjoe_overflow_paths, nicolae_vehumet_altar_sigil,
          slow_altar_2, pdpol_wu_jian_five_deadly_venoms, sword_in_stone,
          uniq_pikel

Skill      XL: |  1  2  3  4 |
---------------+-------------+-----
Spellcasting   | 2 |  2.9
Ice Magic      | 5 6 |  6.3
Dodging        | |  1.7
Stealth        | |  2.1

Action                   |  1- 3 |  4- 6 || total
-------------------------+-------+-------++-------
Melee: Unarmed           |    31 |     5 ||    36
Throw: Dart              |       |     5 ||     5
       Throwing net      |       |     1 ||     1
 Cast: Freeze            |    43 |    12 ||    55
       Frozen Ramparts   |     2 |     1 ||     3
  Use: Scroll            |     2 |     5 ||     7
Armor: Robe              |    13 |       ||    13
Dodge: Dodged            |    55 |     8 ||    63

Table legend: (Time is in decaauts)
 A = Elapsed time spent in this place.
 B = Non-inter-level travel time spent in this place.
 C = Inter-level travel time spent in this place.
 D = Time resting spent in this place.
 E = Time spent auto-exploring this place.
 F = Levels seen in this place.
 G = Mean time per level.
                   A        B        C        D        E       F      G
               +--------+--------+--------+--------+--------+-----+--------+
         Total |   3192 |   2723 |    469 |    434 |   1878 |   5 |  638.4 |
       Dungeon |   3192 |   2723 |    469 |    434 |   1878 |   5 |  638.4 |
               +--------+--------+--------+--------+--------+-----+--------+

Top non-repeatable levels by time:
     D:1: 1462 daAuts
     D:2: 859 daAuts
     D:3: 795 daAuts
     D:6: 50 daAuts
     D:5: 24 daAuts
